 Dungeon Crawl Stone Soup version 0.14-a0-2381-g4cacdb4 (webtiles) character file.

268 RedPan the Cudgeler (level 4, -4/28 HPs)
             Began as a Gargoyle Fighter on Feb 2, 2014.
             Slain by an ogre
             ... wielding a +0,+0 giant spiked club
              (19 damage)
             ... on Level 4 of the Dungeon.
             The game lasted 00:09:20 (2148 turns).

RedPan the Cudgeler (Gargoyle Fighter)              Turns: 2148, Time: 00:09:20

HP  -4/28        AC 13     Str 21      XL: 4   Next: 25%
MP   4/4         EV  6     Int  8      God:
Gold 196         SH 18     Dex  9      Spells:  0 memorised,  3 levels left

rFire  . . .     SeeInvis +     a - +0 whip
rCold  . . .     Clarity  .     b - +0 scale mail
rNeg   + . .     Conserve .     c - +0 shield
rPois  +         rCorr    .     e - +1 helmet {SInv}
rElec  +         rRot     +     (no cloak)
SustAb . .       Spirit   .     s - +0 pair of gloves
rMut   .         Warding  .     (no boots)
Saprov . . .     Stasis   .     (no amulet)
MR     .....                    (no ring)
                                (no ring)

@: not resistant to hostile enchantments, extremely unstealthy
A: life protection 1, electricity resistance, unbreathing, petrification
resistance, AC +3
a: no special abilities


You were on level 4 of the Dungeon.
You were not hungry.

You visited 1 branch of the dungeon, and saw 4 of its levels.

You collected 196 gold pieces.

Inventory:

Hand weapons
 a - a +0,+0 whip (weapon)
Armour
 b - a +0 scale mail (worn)
 c - a +0 shield (worn)
 e - a +1 helmet of see invisible (worn)
 s - a +0 pair of gloves (worn)
Magical devices
 j - a wand of magic darts (0)
Comestibles
 d - 4 bread rations
 f - 3 meat rations
 t - a chunk of giant gecko flesh
Scrolls
 g - 5 scrolls of identify {unknown}
 h - 3 scrolls of teleportation {unknown}
 i - a scroll of enchant weapon II {unknown}
 l - a scroll of noise {unknown}
 m - a scroll of random uselessness {unknown}
 n - 2 scrolls of remove curse {unknown}
 o - a scroll of enchant weapon I {unknown}
 q - a scroll of blinking {unknown}
 r - a scroll of immolation {unknown}
Potions
 k - 3 potions of curing {unknown}
 p - a potion of resistance {unknown}


   Skills:
 - Level 3.2 Fighting
 + Level 4.8 Maces & Flails
 - Level 3.2 Armour
 - Level 3.2 Shields


You had 3 spell levels left.
You didn't know any spells.

Dungeon Overview and Level Annotations

Branches:
Dungeon (4/16)
 Temple: D:4-7

Altars:
Makhleb
Vehumet


Innate Abilities, Weirdness & Mutations

You are resistant to torment.
You are immune to poison.
Your stone body is very resilient (AC +3).
You resist negative energy.
You are resistant to electric shocks.
You can survive without breathing.
You are immune to petrification.


Message History

Found a glowing dwarven hand axe.
Evoke which item? (* to show all) (? for menu, Esc to quit)
Zapping:
j - a wand of magic darts {zapped: 3}
Press: ? - help, Shift-Dir - straight line, f - ogre
Aim: an ogre, wielding a giant spiked club The magic dart hits the ogre.
The ogre is lightly wounded.
Evoke which item? (* to show all) (? for menu, Esc to quit)
Zapping:
j - a wand of magic darts {zapped: 4}
Press: ? - help, Shift-Dir - straight line, f/p - ogre
Aim: an ogre, wielding a giant spiked club (lightly wounded) Nothing appears to happen.
You hit the ogre but do no damage.
The ogre is lightly wounded.
The ogre hits you with a giant spiked club!
You barely miss the ogre.
The ogre is lightly wounded.
The ogre hits you with a giant spiked club!
Ouch! That really hurt!
You die...

. ##.# #.. #.# #
###.##### ### # #.......#
#####.....# # #.......#
##.@O)..<..#
###.......####..###...).#
#....>...)#....## ...
#.#...).....#### .
'.#.......### ###.......#
# ######### # #


You could see an ogre.

Vanquished Creatures
  2 adders (D:2)
  3 giant geckos
  An ooze (D:2)
  4 giant cockroaches
  6 goblins
  9 hobgoblins
  12 bats
  2 giant newts
  2 kobolds
  7 rats
48 creatures vanquished.

Notes
Turn   | Place    | Note
--------------------------------------------------------------
     0 | D:1      | RedPan, the Gargoyle Fighter, began the quest for the Orb.
     0 | D:1      | Reached XP level 1. HP: 14/14 MP: 1/1
   161 | D:1      | Reached XP level 2. HP: 17/19 MP: 2/2
   794 | D:2      | Reached XP level 3. HP: 23/23 MP: 3/3
   818 | D:2      | Reached skill level 4 in Maces & Flails
   977 | D:2      | Found a radiant altar of Vehumet.
  1262 | D:2      | Reached XP level 4. HP: 26/28 MP: 4/4
  1817 | D:3      | Found a burning altar of Makhleb.
  1817 | D:3      | Noticed a green death
  2141 | D:4      | Noticed an ogre
  2148 | D:4      | Slain by an ogre

Action                   |  1- 3 |  4- 6 || total
-------------------------+-------+-------++-------
Melee: Mace              |   114 |       ||   114
       Whip              |       |    63 ||    63
Evoke: Wand              |       |     1 ||     1
